 Dungeon Crawl Stone Soup version 0.19-a0-1511-g16f215b (console) character file.

1793 vible the Carver (level 8, 0/50 HPs)
             Began as a High Elf Skald on Sept 11, 2016.
             Was a Priest of Elyvilon.
             Slain by a wraith (8 damage)
             ... in an ossuary.
             The game lasted 00:29:59 (6703 turns).

vible the Carver (High Elf Skald)                   Turns: 6703, Time: 00:30:02

Health: 0/50       AC:  3    Str: 13    XL:     8   Next: 82%
Magic:  19/24      EV: 11    Int: 19    God:    Elyvilon [***...]
Gold:   78         SH:  0    Dex: 16    Spells: 3 memorised, 9 levels left

rFire  . . .     SeeInvis .     b - +3 long sword
rCold  . . .     Gourm    +     k - +0 leather armour
rNeg   . . .     Faith    .     (no shield)
rPois  .         Spirit   .     (no helmet)
rElec  .         Dismiss  .     (no cloak)
rCorr  .         Reflect  .     (no gloves)
MR     .....     Harm     .     (no boots)
Stlth  +.........               h - amulet of the gourmand
                                (no ring)
                                W - ring of magical power

@: slowed, very slow
A: talons 2, blurry vision 1, clever 1, strong 1
a: Lesser Healing, Heal Other, Purification, Divine Protection, Renounce
Religion


You were in an ossuary.
You worshipped Elyvilon.
Elyvilon was most pleased with you.
You were full.

You visited 1 branch of the dungeon, and saw 6 of its levels.
You also visited: Ossuary.

You collected 183 gold pieces.
You spent 105 gold pieces at shops.


Innate Abilities, Weirdness & Mutations

You have razor-sharp toenails.
Scrolls take you a little longer to read.
Your mind is acute. (Int +2)
Your muscles are strong. (Str +2)


   Skills:
 - Level 2.0 Fighting
 * Level 10.3 Long Blades
 - Level 0.8 Armour
 - Level 1.1 Dodging
 - Level 4.2 Spellcasting
 - Level 1.5 Hexes
 - Level 6.1 Charms
 - Level 1.0 Translocations
 + Level 5.4 Invocations


You had 9 spell levels left.
You knew the following spells:

 Your Spells              Type           Power        Failure   Level  Hunger
o - Infusion              Chrm           ####         1%          1    None
u - Shroud of Golubria    Chrm/Tloc      ###.......   8%          2    #......
w - Spectral Weapon       Hex/Chrm       ###.....     14%         3    ###....

Inventory:

Hand Weapons
 a - a +0 hunting sling of flaming
 b - a +3 long sword (weapon)
 m - a +0 falchion
 D - a +2 dagger of venom
Missiles
 g - 90 stones (quivered)
Armour
 k - a +0 leather armour (worn)
Jewellery
 f - an uncursed ring of fire
 h - an amulet of the gourmand (around neck)
 W - a ring of magical power (left hand)
Wands
 p - a wand of flame (24/48)
 E - a wand of random effects (22/48)
 H - a wand of teleportation (6/9) {@v4}
Scrolls
 n - 2 scrolls of fear {unknown}
 o - a scroll of blinking {unknown}
 r - 2 scrolls of remove curse {unknown}
 x - a scroll of summoning {unknown}
 y - 5 scrolls of amnesia {unknown}
 z - 3 scrolls of magic mapping {unknown}
 B - 2 scrolls of teleportation {unknown}
 C - a scroll of enchant weapon {unknown}
 J - a scroll of identify {@r1}
Potions
 e - a potion of cancellation
 q - a potion of magic
 s - 2 potions of heal wounds {@q2}
 t - a potion of haste {unknown}
 u - 5 potions of curing {unknown}
 v - 2 potions of ambrosia {unknown}
 w - 5 potions of might
 G - a potion of agility {unknown}
 I - a potion of degeneration {unknown}
Books
 c - a book of Battle

   Spells                             Type                      Level
   a - Infusion                       Charms                       1
   b - Shroud of Golubria             Charms/Translocation         2
   c - Song of Slaying                Charms                       2
   d - Spectral Weapon                Hexes/Charms                 3
   e - Regeneration                   Charms/Necromancy            3
Comestibles
 d - 4 bread rations {@e1}
 i - a royal jelly {@e3}
 j - 6 fruits {@e2}
 l - a slice of pizza {@e2}
 A - a beef jerky {@e2}
 F - 3 meat rations {@e1}

▒.▒▒▒..▒▒▒..▒▒▒.▒
▒...............▒
▒▒.▒▒▒.......▒▒▒.▒
.'.▒ ▒.../...▒z▒.▒
▒▒.▒▒▒.......▒▒▒.▒
▒...............▒
▒.▒▒▒..▒▒▒..▒▒▒.▒
▒.▒.▒..▒z▒..▒.▒{▒
▒.)▒▒..▒▒▒..▒▒W@▒
▒...............▒
▒▒▒▒▒▒▒▒▒▒▒▒▒▒▒▒▒


You could see a wraith and a friendly spectral enchanted long sword.


Message History

Confirm with . or Enter, or press ? or * to list all spells.
You draw out your weapon's spirit!
The wraith hits you.
You barely miss the wraith. You claw the wraith, but do no damage.
The wraith is lightly damaged.
The wraith misses you. The wraith barely misses you.
You riposte.
You hit the wraith.
The wraith is moderately damaged.
The wraith hits you.
* * * LOW HITPOINT WARNING * * *
You hit the wraith but do no damage.
The wraith is moderately damaged.
Your spectral weapon hits the wraith.
The wraith closely misses you.
You riposte.
You hit the wraith but do no damage. You claw the wraith, but do no damage.
The wraith is heavily damaged.
Use which ability? (? or * to list)
You are healed.
The wraith hits you. The wraith drains your vigour!
You feel as though you will be slow longer.
The wraith hits you!
* * * LOW HITPOINT WARNING * * *
Use which ability? (? or * to list)
You are healed.
You feel somewhat less full. The wraith hits you but does no damage.
Use which ability? (? or * to list)
You are healed.
You feel somewhat less full. The wraith hits you!
* * * LOW HITPOINT WARNING * * *
The wraith drains your vigour!
You feel as though you will be slow longer.
The wraith hits you!
You die...

Action                   |  1- 3 |  4- 6 |  7- 9 || total
-------------------------+-------+-------+-------++-------
Melee: Falchion          |    20 |     9 |    73 ||   102
       Dagger            |    33 |   136 |    56 ||   225
       Kick              |       |       |    43 ||    43
       Long sword        |       |       |    38 ||    38
 Fire: Hunting sling     |    48 |    11 |    19 ||    78
Throw: Stone             |       |       |     1 ||     1
 Cast: Infusion          |     9 |       |       ||     9
       Shroud of Golubri |     3 |    13 |     6 ||    22
       Spectral Weapon   |       |     5 |    22 ||    27
Invok: Lesser Healing    |       |       |    22 ||    22
  Use: Scroll            |     1 |     3 |     1 ||     5
       Potion            |       |       |     2 ||     2
 Stab: Sleeping          |       |     1 |     1 ||     2
       Distracted        |       |       |     1 ||     1
  Eat: Chunk             |    12 |     7 |    12 ||    31
Armor: Leather armour    |    11 |    20 |    18 ||    49
Dodge: Dodged            |    36 |    64 |    66 ||   166

Vault maps used:
D:1:      arrival_aquarium_b, minmay_surrounded
D:2:      elyvilon_altar_5, first_bread, okawaru_ov_weapons_minmay,
          uniq_jessica, uniq_iyjb
D:3:      grunt_dithmenos_smoke_and_mirrors, ecumenical_altar_2,
          serial_bayou_lagoon_a, xom_teletrap_fun
D:4:      serial_shops, nicolae_shop_statue_plus, nicolae_shop_trees, shop,
          shop, uniq_sigmund
D:5:      gammafunk_temple_overflow_pools, fedhas_altar_3, uniq_menkaure
D:6:      nicolae_ossuary_entry_false_entrances, uniq_blork_the_orc,
          uniq_duvessa, uniq_grinder, uniq_prince_ribbit1, uniq_pikel
Ossuary:  ossuary_due_cavern

Notes
Turn   | Place    | Note
-------+----------+-------------------------------------------
     0 | D:1      | vible the High Elf Skald began the quest for the Orb.
     0 | D:1      | Reached XP level 1. HP: 14/14 MP: 4/4
     3 | D:1      | Noticed an electric eel
     3 | D:1      | Noticed an electric eel
   494 | D:1      | HP: 1/14 [poisoned by a kobold]
   860 | D:1      | Reached XP level 2. HP: 18/19 MP: 6/6
   889 | D:1      | Reached skill level 3 in Long Blades
   986 | D:1      | Reached skill level 3 in Spellcasting
  1002 | D:1      | Learned a level 2 spell: Shroud of Golubria
  1360 | D:2      | Reached XP level 3. HP: 24/24 MP: 8/8
  1387 | D:2      | Found an iron altar of Okawaru.
  1498 | D:2      | Noticed Ijyb
  1508 | D:2      | Killed Ijyb
  1508 | D:2      | Reached skill level 4 in Long Blades
  1649 | D:2      | Found a white marble altar of Elyvilon.
  1678 | D:2      | Noticed Jessica
  1685 | D:2      | Killed Jessica
  1685 | D:2      | Reached skill level 4 in Charms
  1685 | D:2      | Reached XP level 4. HP: 21/29 MP: 3/10
  1748 | D:2      | Became a worshipper of Elyvilon the Healer
  2081 | D:3      | Learned a level 3 spell: Spectral Weapon
  2181 | D:3      | Found a shadowy altar of Dithmenos.
  2409 | D:3      | Found a faded altar of an unknown god.
  2433 | D:3      | Reached XP level 5. HP: 12/34 MP: 8/11
  2701 | D:3      | Found a shimmering altar of Xom.
  2702 | D:3      | Reached * piety under Elyvilon
  2716 | D:3      | Reached skill level 5 in Long Blades
  3487 | D:4      | Found Asahofaafo's Jewellery Boutique.
  3524 | D:4      | Reached skill level 1 in Hexes
  3610 | D:4      | Reached ** piety under Elyvilon
  3665 | D:4      | Reached skill level 4 in Spellcasting
  3752 | D:4      | Reached XP level 6. HP: 36/39 MP: 13/13
  3820 | D:4      | Reached skill level 5 in Charms
  4071 | D:4      | Found Ineutako's Weapon Shop.
  4384 | D:4      | Noticed Sigmund
  4402 | D:4      | Killed Sigmund
  4402 | D:4      | Reached skill level 6 in Long Blades
  4402 | D:4      | Reached skill level 1 in Invocations
  4403 | D:4      | Reached XP level 7. HP: 19/45 MP: 14/14
  4439 | D:4      | HP: 4/45 [phantom (6)]
  4465 | D:4      | Reached skill level 2 in Invocations
  4588 | D:4      | Found Neykax's Antique Weapon Emporium.
  4792 | D:4      | Found Rasececs's Distillery.
  4800 | D:4      | Bought a potion of heal wounds for 70 gold pieces
  4800 | D:4      | Bought a potion of mutation for 35 gold pieces
  4800 | D:4      | Gained mutation: Scrolls take you a little longer to read. [potion of mutation]
  4800 | D:4      | Gained mutation: Your muscles are strong. (Str +2) [potion of mutation]
  4800 | D:4      | Gained mutation: You have sharp toenails. [potion of mutation]
  4801 | D:4      | Gained mutation: You have razor-sharp toenails. [potion of mutation]
  4801 | D:4      | Gained mutation: Your mind is acute. (Int +2) [potion of mutation]
  4967 | D:5      | Entered Level 5 of the Dungeon
  5016 | D:5      | Reached skill level 7 in Long Blades
  5055 | D:5      | Found a blossoming altar of Fedhas.
  5146 | D:5      | Noticed Menkaure
  5159 | D:5      | Killed Menkaure
  5159 | D:5      | Reached skill level 6 in Charms
  5159 | D:5      | Reached skill level 3 in Invocations
  5161 | D:5      | Reached *** piety under Elyvilon
  5335 | D:5      | Reached skill level 8 in Long Blades
  5335 | D:5      | Reached skill level 1 in Translocations
  5367 | D:5      | Reached XP level 8. HP: 31/50 MP: 15/15
  5874 | D:5      | Found a basalt altar of Yredelemnul.
  5875 | D:5      | Found a shimmering altar of Xom.
  5977 | D:6      | Noticed Prince Ribbit
  5990 | D:6      | Killed Prince Ribbit
  5990 | D:6      | Reached skill level 9 in Long Blades
  5990 | D:6      | Reached skill level 4 in Invocations
  6004 | D:6      | HP: 4/50 [ogre/giant spiked club (18)]
  6006 | D:6      | Elyvilon protects you from harm!
  6011 | D:6      | HP: 5/50 [ogre/giant spiked club (21)]
  6170 | D:6      | Noticed Duvessa
  6173 | D:6      | Noticed Dowan
  6191 | D:6      | Killed Duvessa
  6208 | D:6      | Found a sand-covered staircase.
  6232 | Ossuary  | Entered an ossuary
  6588 | Ossuary  | Noticed a flying skull
  6594 | Ossuary  | Noticed a flying skull
  6603 | Ossuary  | Reached skill level 5 in Invocations
  6611 | Ossuary  | Noticed a flying skull
  6659 | Ossuary  | Noticed a flying skull
  6675 | Ossuary  | Reached skill level 10 in Long Blades
  6703 | Ossuary  | Slain by a wraith

Vanquished Creatures
  Prince Ribbit (D:6)
  A wraith (Ossuary)
  Sigmund (D:4)
  Menkaure (D:5)
  Duvessa (D:6)
  2 sky beasts (D:5)
  A phantom (D:4)
  2 ogres
  A centaur (D:5)
  4 wights (Ossuary)
  A hound (D:4)
  A gnoll shaman (D:4)
  Jessica (D:2)
  Ijyb (D:2)
  An iguana (D:4)
  2 orc wizards
  A worker ant (D:5)
  A hound skeleton (D:5)
  3 gnolls (D:4)
  2 adders (D:3)
  3 shadow imps
  An adder skeleton (D:4)
  5 worms
  A dart slug (D:2)
  2 giant geckos
  16 orcs
  A ball python (D:2)
  5 bats
  3 giant cockroaches
  4 goblins
  6 hobgoblins
  8 jackals
  5 quokkas
  6 giant newts
  A hobgoblin zombie (Ossuary)
  9 kobolds
  3 kobold zombies (Ossuary)
  2 orc skeletons (Ossuary)
  2 orc zombies (Ossuary)
  5 rats
117 creatures vanquished.

Vanquished Creatures (others)
  2 spectral weapons
2 creatures vanquished.

Grand Total: 119 creatures vanquished
